 Dungeon Sprint DCSS version 0.29-a0-275-g389c0b56f3 (webtiles) character file.

Game seed: 5987288101280582427

10300000 smarlow the Archmage (level 27, -77/189 (228) HPs)
             Began as a Djinni Warper on Mar 9, 2022.
             Was the Champion of Makhleb.
             Killed from afar by a wretched soul (125 damage)
             ... with a bolt of negative energy
             ... in the Dungeon (Sprint VIII: "Arena of Blood").
             The game lasted 00:04:36 (103 turns).

smarlow the Archmage (Djinni Warper)                 Turns: 103, Time: 00:04:36

HP:   -77/189 (228) AC:  6    Str: 10    XL:     27
Gold: 0             EV: 35    Int: 18    God:    Makhleb [******] SH:  0 Dex: 24

rFire   + + .      SeeInvis .   i - +∞ Axe of Woe
rCold   x . .      Faith    .   (shield currently unavailable)
rNeg    . . .      Spirit   .   b - +0 leather armour
rPois   ∞          Reflect  .   (no helmet)
rElec   .          Harm     .   (no cloak)
rCorr   .          Rampage  .   (no gloves)
Will    ++...      NoTele   +   (boots unavailable)
Stlth   ++++++++++              (no amulet)
HPRegen 0.41/turn               (no ring)
MPRegen 0.00/turn               (no ring)

@: wereblooded, flying, slowed, heavily drained, very slow
A: sickness immunity, fire resistance 2, cold vulnerability 1, float, innate
caster, HP casting, extra vitality 1
a: Renounce Religion, Minor Destruction, Lesser Servant of Makhleb, Major
Destruction, Greater Servant of Makhleb


You were in the Dungeon.
You worshipped Makhleb.
Makhleb was exalted by your worship.
You visited 1 branch

Inventory:

Hand Weapons
 a - a +0 hand axe
 i - the +∞ Axe of Woe (weapon)
   (You found it in the Dungeon)
Missiles
 d - 7 boomerangs of dispersal
Armour
 b - a +0 leather armour (worn)
Scrolls
 c - 2 scrolls of blinking
Potions
 e - a potion of curing
 f - a potion of heal wounds
 h - a potion of berserk rage


   Skills:
 O Level 27 Fighting
 O Level 27 Short Blades
 O Level 27 Long Blades
 O Level 27 Axes
 O Level 27 Maces & Flails
 O Level 27 Polearms
 O Level 27 Staves
 O Level 27 Slings
 O Level 27 Bows
 O Level 27 Crossbows
 O Level 27 Throwing
 O Level 27 Armour
 O Level 27 Dodging
 O Level 27 Stealth
 O Level 27 Shields
 O Level 27 Unarmed Combat
 O Level 27 Spellcasting
 O Level 27 Invocations
 O Level 27 Evocations


You couldn't memorise any spells.
You knew the following spells:

 Your Spells              Type           Power      Damage    Failure   Level
a - Blink                 Tloc           100%       N/A       0%          2
b - Lesser Beckoning      Tloc           88%        N/A       0%          3
c - Gell's Gravitas       Tloc           88%        N/A       0%          3
d - Teleport Other        Tloc           88%        N/A       0%          3
e - Manifold Assault      Tloc           88%        N/A       0%          5
f - Foxfire               Conj/Fire      100%       2x1d9     0%          1
g - Corpse Rot            Necr/Air       100%       N/A       0%          2
h - Wereblood             Tmut           88%        N/A       0%          2
i - Leda's Liquefaction   Hex/Erth       44%        N/A       0%          4
j - Cause Fear            Hex            44%        N/A       0%          4
k - Yara's Violent Unrav  Hex/Tmut       44%        3d17      0%          5
l - Starburst             Conj/Fire      44%        6d12      0%          6
m - Storm Form            Tmut/Air       44%        N/A       1%          7
n - Monstrous Menagerie   Summ           44%        N/A       1%          7
o - Maxwell's Capacitive  Air            44%        ∞         1%          8
p - Dragon Form           Tmut           44%        N/A       1%          7
q - Infestation           Necr           44%        N/A       1%          8
r - Death's Door          Necr           44%        N/A       2%          9
Your spell library was empty.

Dungeon Overview and Level Annotations

Branches:
Dungeon (1/1)

Altars:
Makhleb


Innate Abilities, Weirdness & Mutations

You are immune to sickness and miasma.
You are immune to poison.
Your flesh is very heat resistant. (rF++)
You are vulnerable to cold. (rC-)
You float through the air rather than walking.
You learn spells naturally, not from books.
Your magical power is your life essence.
You have superior vitality. (+4 MHP)


Message History

A meat beast comes into view.
You hear a shout! x3; You feel something staring at you.
A bolt of fire appears from out of thin air!
Deactivating autopickup; reactivate with Ctrl-A.
The bolt of fire hits you! You resist.
You hear a shout! x2
Something hits you but does no damage.
A sculptor of flesh comes into view. It is wielding a +9 great sword.
A bolt of negative energy appears from out of thin air!
The bolt of negative energy hits your death scarab.
Your death scarab completely resists.
The bolt of negative energy hits you!!!!
You feel drained.
* * * LOW HITPOINT WARNING * * *
The bolt of negative energy hits something!!
Your life force feels restored.
Casting: Manifold Assault (safe; 0% risk of failure)
Press: ? - help, Q - select action, (/) - cycle Dir - look around, f - activate
Okay, then.
You slash something!
You pulverise something into a thin bloody mist.
You feel a bit better. Makhleb accepts your kill.
You feel better.
Reactivating autopickup.
You feel a bit more experienced.
You hit something.
You cleave something in twain.
You feel a bit better. Makhleb accepts your kill.
You feel a bit more experienced.
You howl as the wereblood boils in your veins!
You hear a shout!
A bag of meat comes into view. It is wielding a +9 war axe.
You hear a shout! x2
A large bag of meat comes into view. It is wielding a +9 giant spiked club.
A bolt of negative energy appears from out of thin air!
Deactivating autopickup; reactivate with Ctrl-A.
The bolt of negative energy hits you!!!!
You feel drained.
Ouch! That really hurt!
You die...

.§.. )... )). .))
#... ..# . #...
).# § ..###.).
.{###§§
..)....###...§)§§
....)).._{.))§.§°
....#..B).#.... .
#_.@._# . #))...#
#...)2)))_..O...
.§z).).)###....).
.○o###... ).###.
.§ #.). ..# #....
..# ).... ))
.).....


You could see a meat beast (fast), a sculptor of flesh, a large bag of meat
(inner flame), a bag of meat and a friendly death scarab.

Vanquished Creatures
  8 hell beasts (D)
  8 royal mummies (D)
  2 great orbs of eyes (D)
  2 wraiths (D)
  Harold (D)
  11 vampire knights (D)
  35 ogres (D)
  8 two-headed ogres (D)
  9 liches (D)
  2 hydras (D)
  58 orcs (D)
  5 phantoms (D)
  4 skeletal warriors (D)
153 creatures vanquished.

Notes
Turn   | Place    | Note
-------+----------+-------------------------------------------
     0 | D        | Found the +∞ Axe of Woe
     0 | D        | smarlow the Djinni Warper began the quest for the Orb.
     0 | D        | Reached XP level 1. HP: 18/18 MP: 0/0
     1 | D        | Noticed a bag of meat
     2 | D        | Noticed a bag of meat
     3 | D        | Became a worshipper of Makhleb the Destroyer
     3 | D        | Noticed a bag of meat
     4 | D        | Noticed a bag of meat
     4 | D        | Noticed a bag of meat
     6 | D        | Noticed a bag of meat
     7 | D        | Noticed a meat berserker
     8 | D        | Killed a bag of meat
     8 | D        | Noticed a bag of meat
     9 | D        | Reached skill level 10 in Dodging
     9 | D        | Reached skill level 15 in Spellcasting
     9 | D        | Reached XP level 2. HP: 34/34 MP: 0/0
     9 | D        | Reached XP level 3. HP: 40/40 MP: 0/0
     9 | D        | Learned a level 1 spell: Foxfire
     9 | D        | Reached XP level 4. HP: 45/45 MP: 0/0
     9 | D        | Reached XP level 5. HP: 50/50 MP: 0/0
     9 | D        | Learned a level 2 spell: Corpse Rot
     9 | D        | Reached XP level 6. HP: 57/57 MP: 0/0
     9 | D        | Reached XP level 7. HP: 61/61 MP: 0/0
     9 | D        | Learned a level 2 spell: Wereblood
     9 | D        | Reached XP level 8. HP: 67/67 MP: 0/0
     9 | D        | Reached XP level 9. HP: 73/73 MP: 0/0
     9 | D        | Learned a level 4 spell: Leda's Liquefaction
     9 | D        | Reached XP level 10. HP: 78/78 MP: 0/0
     9 | D        | Reached XP level 11. HP: 84/84 MP: 0/0
     9 | D        | Learned a level 4 spell: Cause Fear
    11 | D        | Killed a bag of meat
    11 | D        | Reached * piety under Makhleb
    11 | D        | Noticed a meat berserker
    12 | D        | Reached skill level 10 in Axes
    12 | D        | Reached XP level 12. HP: 94/94 MP: 0/0
    12 | D        | Noticed a meat berserker
    12 | D        | Killed a meat berserker
    12 | D        | Killed a meat berserker
    12 | D        | Killed a meat berserker
    12 | D        | Reached ** piety under Makhleb
    12 | D        | Noticed a meat berserker
    13 | D        | Reached XP level 13. HP: 106/106 MP: 0/0
    13 | D        | Learned a level 5 spell: Yara's Violent Unravelling
    13 | D        | Reached XP level 14. HP: 112/112 MP: 0/0
    13 | D        | Reached XP level 15. HP: 118/118 MP: 0/0
    13 | D        | Learned a level 6 spell: Starburst
    13 | D        | Killed a meat berserker
    14 | D        | Reached *** piety under Makhleb
    15 | D        | Reached XP level 16. HP: 129/129 MP: 0/0
    17 | D        | Reached **** piety under Makhleb
    18 | D        | Reached skill level 5 in Armour
    18 | D        | Reached skill level 27 in Spellcasting
    19 | D        | Reached skill level 5 in Throwing
    19 | D        | Reached XP level 17. HP: 139/139 MP: 0/0
    19 | D        | Learned a level 7 spell: Storm Form
    20 | D        | Noticed a destroyer
    20 | D        | Killed a destroyer
    20 | D        | Noticed a meat berserker
    21 | D        | Killed a meat berserker
    22 | D        | Reached XP level 18. HP: 139/155 MP: 0/0
    23 | D        | Reached ***** piety under Makhleb
    23 | D        | Noticed a meat berserker
    24 | D        | Killed a meat berserker
    25 | D        | Reached skill level 27 in Axes
    25 | D        | Noticed a large bag of meat
    26 | D        | Reached XP level 19. HP: 172/172 MP: 0/0
    26 | D        | Learned a level 7 spell: Monstrous Menagerie
    26 | D        | Killed a large bag of meat
    27 | D        | Reached skill level 27 in Fighting
    27 | D        | Reached skill level 10 in Throwing
    27 | D        | Noticed a large bag of meat
    28 | D        | Killed a large bag of meat
    29 | D        | Reached skill level 27 in Dodging
    29 | D        | Noticed a large bag of meat
    30 | D        | Killed a large bag of meat
    31 | D        | Reached skill level 15 in Throwing
    31 | D        | Reached ****** piety under Makhleb
    32 | D        | Reached XP level 20. HP: 181/181 MP: 0/0
    32 | D        | Noticed a meat berserker
    32 | D        | Noticed a large bag of meat
    33 | D        | Killed a large bag of meat
    33 | D        | Killed a meat berserker
    34 | D        | Noticed a large bag of meat
    35 | D        | Killed a large bag of meat
    36 | D        | Reached skill level 27 in Armour
    36 | D        | Reached XP level 21. HP: 187/187 MP: 0/0
    36 | D        | Learned a level 8 spell: Maxwell's Capacitive Coupling
    37 | D        | Noticed a destroyer
    38 | D        | Killed a destroyer
    39 | D        | Reached skill level 27 in Throwing
    40 | D        | Noticed a destroyer
    40 | D        | Noticed The Servant
    41 | D        | Killed a destroyer
    41 | D        | Killed The Servant
    42 | D        | Reached XP level 22. HP: 194/194 MP: 0/0
    42 | D        | Noticed a meat berserker
    43 | D        | Killed a meat berserker
    44 | D        | Noticed a destroyer
    44 | D        | Noticed an eight-headed meat hydra
    45 | D        | Killed a nine-headed meat hydra
    45 | D        | Killed a destroyer
    45 | D        | Noticed a destroyer
    46 | D        | Reached skill level 10 in Maces & Flails
    46 | D        | Reached skill level 10 in Polearms
    46 | D        | Reached skill level 10 in Slings
    46 | D        | Reached skill level 10 in Bows
    46 | D        | Reached skill level 10 in Crossbows
    46 | D        | Reached XP level 23. HP: 201/201 MP: 0/0
    46 | D        | Learned a level 7 spell: Dragon Form
    46 | D        | Noticed an accursed
    46 | D        | Killed a destroyer
    46 | D        | Killed an accursed
    48 | D        | Noticed a tyrant
    49 | D        | Reached XP level 24. HP: 145/208 MP: 0/0
    49 | D        | Killed a tyrant
    49 | D        | Noticed a destroyer
    50 | D        | Reached skill level 15 in Short Blades
    50 | D        | Reached skill level 15 in Long Blades
    50 | D        | Reached skill level 15 in Staves
    50 | D        | Reached skill level 15 in Stealth
    50 | D        | Reached skill level 15 in Shields
    50 | D        | Reached skill level 15 in Unarmed Combat
    50 | D        | Reached skill level 15 in Invocations
    50 | D        | Reached skill level 15 in Evocations
    50 | D        | Killed a destroyer
    52 | D        | Noticed an accursed
    52 | D        | Killed an accursed
    53 | D        | Reached skill level 15 in Maces & Flails
    53 | D        | Reached skill level 15 in Polearms
    53 | D        | Reached skill level 15 in Slings
    53 | D        | Reached skill level 15 in Bows
    53 | D        | Reached skill level 15 in Crossbows
    53 | D        | Reached XP level 25. HP: 143/214 MP: 0/0
    53 | D        | Learned a level 8 spell: Infestation
    54 | D        | Noticed a tyrant
    55 | D        | Killed a tyrant
    56 | D        | Noticed a destroyer
    60 | D        | Noticed a dread
    60 | D        | Killed a dread
    61 | D        | Reached XP level 26. HP: 221/221 MP: 0/0
    62 | D        | Noticed an accursed
    63 | D        | Reached XP level 27. HP: 228/228 MP: 0/0
    63 | D        | Learned a level 9 spell: Death's Door
    63 | D        | Killed an accursed
    64 | D        | Noticed a dread
    64 | D        | Noticed a meat beast
    64 | D        | Killed a dread
    64 | D        | Killed a destroyer
    64 | D        | Killed a meat beast
    66 | D        | Noticed a meat beast
    66 | D        | Noticed an accursed
    67 | D        | Killed an accursed
    67 | D        | Killed a meat beast
    67 | D        | Noticed a meat beast
    67 | D        | Noticed a tyrant
    68 | D        | Killed a meat beast
    68 | D        | Killed a tyrant
    69 | D        | Reached skill level 27 in Staves
    69 | D        | Reached skill level 27 in Shields
    69 | D        | Reached skill level 27 in Unarmed Combat
    69 | D        | Reached skill level 27 in Invocations
    69 | D        | Reached skill level 27 in Evocations
    70 | D        | Reached skill level 27 in Short Blades
    70 | D        | Reached skill level 27 in Long Blades
    70 | D        | Reached skill level 27 in Stealth
    71 | D        | Noticed a destroyer
    71 | D        | Noticed a destroyer
    72 | D        | Killed a destroyer
    72 | D        | Killed a destroyer
    72 | D        | Noticed a tyrant
    73 | D        | Reached skill level 27 in Maces & Flails
    73 | D        | Reached skill level 27 in Polearms
    73 | D        | Reached skill level 27 in Slings
    73 | D        | Reached skill level 27 in Bows
    73 | D        | Reached skill level 27 in Crossbows
    73 | D        | Killed a tyrant
    74 | D        | Noticed a destroyer
    75 | D        | Killed a destroyer
    77 | D        | Noticed a tyrant
    78 | D        | Killed a tyrant
    79 | D        | Noticed a meat beast
    79 | D        | Killed a meat beast
    79 | D        | Noticed a tyrant
    79 | D        | Noticed an accursed
    80 | D        | Killed an accursed
    80 | D        | Killed a tyrant
    83 | D        | Noticed a tyrant
    83 | D        | Noticed a tyrant
    84 | D        | Killed a tyrant
    84 | D        | Killed a tyrant
    85 | D        | Noticed a large bag of meat
    86 | D        | Killed a large bag of meat
    91 | D        | Noticed an accursed
    91 | D        | Killed an accursed
    92 | D        | Noticed a large bag of meat
    93 | D        | Killed a large bag of meat
    93 | D        | Noticed a meat beast
    94 | D        | Killed a meat beast
    94 | D        | Noticed a meat beast
    94 | D        | Noticed a meat beast
    95 | D        | Killed a meat beast
    95 | D        | Killed a meat beast
    98 | D        | HP: 5/167 [something/bolt of negative energy (106)]
    98 | D        | Noticed a large bag of meat
    98 | D        | Noticed an accursed
    99 | D        | Noticed a meat beast
   100 | D        | Noticed a meat beast
   100 | D        | Killed a large bag of meat
   100 | D        | Killed a meat beast
   100 | D        | Noticed a tyrant
   100 | D        | Noticed a destroyer
   101 | D        | Killed a tyrant
   101 | D        | Killed a destroyer
   101 | D        | Noticed an accursed
   102 | D        | Killed an accursed
   102 | D        | Killed an accursed
   102 | D        | Noticed a meat beast
   103 | D        | Noticed a large bag of meat
   103 | D        | Killed from afar by a wretched soul

Illustrated notes

Levels and vault maps discovered:
D:        meatsprint

Skill      XL: |  1  2  3  4  5  6  7  8  9 10 11 12 13 14 15 16 17 18 19 20 21 22 23 24 25 26 27 |
---------------+----------------------------------------------------------------------------------+-----
Fighting       | 9 11 14 16 18 21 26 27 | 27.0
Axes           | 8 10 14 16 20 24 27 | 27.0
Throwing       | 3 4 5 6 8 17 23 27 | 27.0
Armour         | 2 3 4 5 7 9 19 27 | 27.0
Dodging        | 10 11 14 16 18 20 23 27 | 27.0
Spellcasting   | 15 18 23 26 27 | 27.0
Short Blades   | 8 11 14 17 20 21 27 | 27.0
Long Blades    | 8 11 14 17 20 21 27 | 27.0
Maces & Flails | 7 10 13 15 18 19 27 | 27.0
Polearms       | 7 10 13 15 18 19 27 | 27.0
Staves         | 8 11 14 17 20 21 27 | 27.0
Slings         | 7 10 13 15 18 19 27 | 27.0
Bows           | 7 10 13 15 18 19 27 | 27.0
Crossbows      | 7 10 13 15 18 19 27 | 27.0
Stealth        | 8 11 14 17 20 21 27 | 27.0
Shields        | 8 11 14 17 20 21 27 | 27.0
Unarmed Combat | 8 11 14 17 20 21 27 | 27.0
Invocations    | 8 11 14 17 20 21 27 | 27.0
Evocations     | 8 11 14 17 20 21 27 | 27.0

Action                   |  1- 3 |  4- 6 |  7- 9 | 10-12 | 13-15 | 16-18 | 19-21 | 22-24 | 25-27 || total
-------------------------+-------+-------+-------+-------+-------+-------+-------+-------+-------++-------
Melee: Executioner's axe |     1 |       |       |     4 |     3 |    12 |    16 |    13 |   101 ||   150
 Cast: Manifold Assault  |       |       |       |     1 |     2 |     8 |    10 |     8 |    38 ||    67
       Leda's Liquefacti |       |       |       |       |       |       |       |       |     1 ||     1
       Wereblood         |       |       |       |       |       |       |       |       |     1 ||     1
       Infestation       |       |       |       |       |       |       |       |       |     1 ||     1
  Use: Potion            |     1 |       |       |       |       |       |       |       |       ||     1
Armor: Leather armour    |       |       |       |     1 |       |       |       |       |     4 ||     5
Dodge: Dodged            |       |       |       |       |       |       |       |       |     4 ||     4

Table legend: (Time is in decaauts)
 A = Elapsed time spent in this place.
 B = Non-inter-level travel time spent in this place.
 C = Inter-level travel time spent in this place.
 D = Time resting spent in this place.
 E = Time spent auto-exploring this place.
 F = Levels seen in this place.
 G = Mean time per level.
                   A        B        C        D        E       F      G
               +--------+--------+--------+--------+--------+-----+--------+
         Total |     69 |     69 |      0 |      1 |      0 |   1 |   69.0 |
       Dungeon |     69 |     69 |      0 |      1 |      0 |   1 |   69.0 |
               +--------+--------+--------+--------+--------+-----+--------+

Top non-repeatable levels by time:
       D: 69 daAuts
